cohdb
Replays
Latest Replays
All Replays
Popular Replays
Top Player Replays
Match Explorer
How It Works
Community
CoH3 Stats
Reddit
Sign in to upload your games and track your stats! →
Sign in with Steam
Crusader AA Value (Take 2)
Match 10093191
Overview
Messages
Build Orders
End
Construct Section Command Post
Royal Engineer Section
Selects British Armored Battlegroup
Dingo Light Scout Car
Infantry Section
Infantry Section
Infantry Section
Training Center
Selects Rigorous Vehicle Training
Construct Field Infirmary
Selects Engineer Detachments
Royal Engineer Section
Infantry Section
Grenade Package
Infantry Training
Construct Platoon Command Post
6-pounder Anti-tank Gun Team
Selects Crusader AA Medium Tank
Crusader AA Medium Tank
Herr Blautier
Dr. Jekyll
0
0
Comments
sign in to comment!
No comments posted yet!